 Dungeon Sprint DCSS version 0.31-a0-496-g6f97920a28 (webtiles) character file.

Game seed: 8194640144497438163

11000000 Midn8 the Axe Maniac (level 27, -5/228 HPs)
             Began as a Djinni Warper on Aug 8, 2023.
             Was the Champion of Makhleb.
             Slain by an observer (8 damage)
             ... in the Dungeon (Sprint VIII: "Arena of Blood").
             The game lasted 00:07:13 (110 turns).

Midn8 the Axe Maniac (Djinni Warper)                 Turns: 110, Time: 00:07:14

Health: -5/228     AC:  6    Str: 10    XL:     27
Gold:   0          EV: 27    Int: 26    God:    Makhleb [******] SH:  0 Dex: 16

rFire   + + .        i - +∞ Axe of Woe
rCold   x . .        (shield currently unavailable)
rNeg    . . .        b - +0 leather armour
rPois   ∞            (no helmet)
rElec   .            (no cloak)
rCorr   .            (no gloves)
SInv    .            (boots unavailable)
Will    ++...        (no amulet)
Stlth   +++++++++    (no ring)
HPRegen 0.58/turn    (no ring)
MPRegen 0.00/turn

%: no teleportation, infuse magic (-6 HP)
@: on death's door cooldown, flying, slowed, very slow
A: sickness immunity, fire resistance 2, cold vulnerability 1, float, innate
caster, HP casting, extra vitality 1
a: Renounce Religion, Minor Destruction, Lesser Servant of Makhleb, Major
Destruction, Greater Servant of Makhleb


You were in the Dungeon.
You worshipped Makhleb.
Makhleb was exalted by your worship.
You visited 1 branch

Inventory:

Hand Weapons
 a - a +0 hand axe
 i - the +∞ Axe of Woe (weapon)
   (You found it in the Dungeon)
Missiles
 d - 7 darts of dispersal
Armour
 b - a +0 leather armour (worn)
Scrolls
 c - 2 scrolls of blinking
Potions
 e - a potion of curing
 f - a potion of heal wounds
 g - a potion of haste
 h - a potion of berserk rage


   Skills:
 O Level 27 Fighting
 O Level 27 Short Blades
 O Level 27 Long Blades
 O Level 27 Axes
 O Level 27 Maces & Flails
 O Level 27 Polearms
 O Level 27 Staves
 O Level 27 Ranged Weapons
 O Level 27 Throwing
 O Level 27 Armour
 O Level 27 Dodging
 O Level 27 Stealth
 O Level 27 Shields
 O Level 27 Unarmed Combat
 O Level 27 Spellcasting
 O Level 27 Conjurations
 O Level 27 Hexes
   Level 0.0 Charms
 O Level 27 Summonings
 O Level 27 Necromancy
 O Level 27 Translocations
 O Level 27 Transmutations
 O Level 27 Fire Magic
 O Level 27 Ice Magic
 O Level 27 Air Magic
 O Level 27 Earth Magic
 O Level 27 Poison Magic
 O Level 27 Invocations
 O Level 27 Evocations
 O Level 27 Shapeshifting


You knew the following spells:

 Your Spells              Type           Power      Damage    Failure   Level
a - Blink                 Tloc           100%       N/A       0%          2
b - Lesser Beckoning      Tloc           100%       N/A       0%          2
c - Vhi's Electric Charg  Tloc/Air       100%       N/A       0%          3
d - Death's Door          Necr           54%        N/A       1%          9
e - Manifold Assault      Tloc           100%       N/A       0%          4
f - Kiss of Death         Conj/Necr      100%       2d13      0%          1
g - Malign Gateway        Summ/Tloc      54%        N/A       0%          7
h - Swiftness             Air            100%       N/A       0%          3
i - Call Canine Familiar  Summ           100%       N/A       0%          3
j - Summon Ice Beast      Ice/Summ       100%       N/A       0%          4
k - Alistair's Intoxicat  Tmut/Pois      72%        N/A       0%          5
l - Starburst             Conj/Fire      54%        6d15      0%          6
m - Conjure Ball Lightni  Conj/Air       54%        3x3d20    0%          6
n - Searing Ray           Conj           100%       2d8       0%          2
o - Monstrous Menagerie   Summ           54%        N/A       0%          7
p - Orb of Destruction    Conj           54%        9d14      0%          7
q - Chain Lightning       Conj/Air       54%        3d72      1%          9
r - Teleport Other        Tloc           100%       N/A       0%          3
Your spell library was empty.

Dungeon Overview and Level Annotations

Branches:
Dungeon (1/1)

Altars:
Makhleb


Innate Abilities, Weirdness & Mutations

You are immune to sickness and miasma.
You are immune to poison.
Your flesh is very heat resistant. (rF++)
You are vulnerable to cold. (rC-)
You float through the air rather than walking.
You learn spells naturally, not from books.
Your magical power is your life essence.
You have superior vitality. (+4 MHP)


Message History

Makhleb accepts your kill.
You feel better.
You slice the bag of meat!!
You pulverise the bag of meat into a thin bloody mist.
You kill the bag of meat!
Makhleb accepts your kill.
You feel better.
You hit the large abomination but do no damage.
You butcher the large abomination messily.
You destroy the large abomination!
The large abomination disappears in a puff of smoke!
The scourge appears out of thin air!
A scourge comes into view.
The tyrant casts a spell.
The meat beast bites you.
* * * LOW HITPOINT WARNING * * *
The meat beast misses you.
You hear a shout!
A tyrant comes into view.
You hear a shout!
The eight-headed meat hydra calls on the powers of darkness!
The eight-headed meat hydra convulses!
The bag of meat convulses! x3
The meat berserker convulses!
The bag of meat convulses!
The meat berserker convulses!
Something is bathed in an unholy light!
Your body is wracked with pain!
* * * LOW HITPOINT WARNING * * *
Something is bathed in an unholy light!
The bag of meat convulses! x2
You hear a shout!
A destroyer comes into view. It is wielding a +9 heavy great sword.
The meat beast bites you!!
* * * LOW HITPOINT WARNING * * *
The meat beast misses you.
The eight-headed meat hydra calls on the powers of darkness!
The eight-headed meat hydra convulses!
The bag of meat convulses! x3
The scourge convulses!
The scourge hisses angrily.
Something is bathed in an unholy light!
Your body is wracked with pain!
* * * LOW HITPOINT WARNING * * *
Something is bathed in an unholy light!
The meat berserker convulses!
The bag of meat convulses! x2; Something bites you!
You die... #....)))# . #... )).# ..
L.W###... )..###... .oo...)o###......{. #.z ))..M_..)......
X.LX #.)).o# .DoWV

#_.D)_#
.§Looo#Soo.)#..
#..OoO{@._.))..°)..
...M).V2###)))V.)☼)
...###)XX )).###)☼)
.. #LX...))# ..
#XL.§)))# ..V§)))))
.M.........
........O.


You could see 3 accurseds, a meat beast (fast), 4 tyrants, 2 eight-headed meat
hydras, 3 destroyers, a scourge, a sculptor of flesh, 5 large abominations, a
dread, 2 meat berserkers and 10 bags of meat.

Vanquished Creatures
  Sigmund (D)
  7 hell beasts (D)
  2 royal mummies (D)
  5 great orbs of eyes (D)
  3 wraiths (D)
  12 vampire knights (D)
  38 ogres (D)
  7 two-headed ogres (D)
  6 liches (D)
  4 hydras (D)
  6 phantoms (D)
  57 orcs (D)
  7 skeletal warriors (D)
  A sea snake (D)
156 creatures vanquished.

Vanquished Creatures (others)
  A two-headed ogre (D)
  An orc (D)
  3 eldritch tentacles (D)
5 creatures vanquished.

Grand Total: 161 creatures vanquished

Notes
Turn   | Place    | Note
-------+----------+-------------------------------------------
     0 | D        | Found the +∞ Axe of Woe
     0 | D        | Midn8 the Djinni Warper began the quest for the Orb.
     0 | D        | Midn8 set off with the following spells memorised: Blink,
                  | Lesser Beckoning, Vhi's Electric Charge, Teleport Other,
                  | Manifold Assault.
     0 | D        | Reached XP level 1. HP: 18/18 MP: 0/0
     4 | D        | Became a worshipper of Makhleb the Destroyer
     5 | D        | Noticed a bag of meat
     5 | D        | Noticed a bag of meat
     7 | D        | Killed a bag of meat
     7 | D        | Noticed a bag of meat
     7 | D        | Noticed a meat berserker
     7 | D        | Noticed a meat berserker
     8 | D        | Reached XP level 2. HP: 23/23 MP: 0/0
     8 | D        | Reached XP level 3. HP: 28/28 MP: 0/0
     8 | D        | Learned a level 1 spell: Kiss of Death
     8 | D        | Reached XP level 4. HP: 33/33 MP: 0/0
     8 | D        | Reached XP level 5. HP: 38/38 MP: 0/0
     8 | D        | Learned a level 2 spell: Searing Ray
     8 | D        | Reached XP level 6. HP: 43/43 MP: 0/0
     8 | D        | Reached XP level 7. HP: 49/49 MP: 0/0
     8 | D        | Learned a level 3 spell: Swiftness
     8 | D        | Reached XP level 8. HP: 54/54 MP: 0/0
     8 | D        | Reached XP level 9. HP: 58/58 MP: 0/0
     8 | D        | Learned a level 3 spell: Call Canine Familiar
     8 | D        | Reached XP level 10. HP: 64/64 MP: 0/0
     8 | D        | Reached XP level 11. HP: 68/68 MP: 0/0
     8 | D        | Learned a level 4 spell: Summon Ice Beast
    10 | D        | Killed a bag of meat
    10 | D        | Reached * piety under Makhleb
    10 | D        | Noticed a meat berserker
    11 | D        | Reached XP level 12. HP: 74/74 MP: 0/0
    12 | D        | Noticed a bag of meat
    12 | D        | Noticed a meat berserker
    12 | D        | Noticed a meat berserker
    12 | D        | Noticed a bag of meat
    13 | D        | Noticed a bag of meat
    13 | D        | Noticed a meat berserker
    14 | D        | Killed a meat berserker
    15 | D        | Reached skill level 27 in Axes
    15 | D        | Reached XP level 13. HP: 78/78 MP: 0/0
    15 | D        | Learned a level 5 spell: Alistair's Intoxication
    15 | D        | Killed a meat berserker
    16 | D        | Reached XP level 14. HP: 85/85 MP: 0/0
    16 | D        | Killed a meat berserker
    16 | D        | Reached ** piety under Makhleb
    16 | D        | Killed a meat berserker
    16 | D        | Killed a bag of meat
    16 | D        | Noticed a bag of meat
    17 | D        | Reached XP level 15. HP: 89/89 MP: 0/0
    17 | D        | Learned a level 6 spell: Starburst
    17 | D        | Reached *** piety under Makhleb
    17 | D        | Killed a meat berserker
    17 | D        | Killed a meat berserker
    17 | D        | Reached **** piety under Makhleb
    18 | D        | Reached skill level 27 in Spellcasting
    18 | D        | Reached skill level 27 in Conjurations
    18 | D        | Reached skill level 27 in Hexes
    18 | D        | Reached skill level 27 in Summonings
    18 | D        | Reached skill level 27 in Necromancy
    18 | D        | Reached skill level 27 in Translocations
    18 | D        | Reached skill level 27 in Transmutations
    18 | D        | Reached skill level 27 in Fire Magic
    18 | D        | Reached skill level 27 in Ice Magic
    18 | D        | Reached skill level 27 in Air Magic
    18 | D        | Reached skill level 27 in Earth Magic
    18 | D        | Reached skill level 27 in Poison Magic
    18 | D        | Reached XP level 16. HP: 121/121 MP: 0/0
    18 | D        | Reached XP level 17. HP: 126/126 MP: 0/0
    18 | D        | Learned a level 6 spell: Conjure Ball Lightning
    19 | D        | Reached ***** piety under Makhleb
    20 | D        | Reached XP level 18. HP: 163/163 MP: 0/0
    21 | D        | Reached skill level 27 in Fighting
    21 | D        | Reached skill level 5 in Dodging
    23 | D        | Noticed a meat berserker
    24 | D        | Killed a meat berserker
    25 | D        | Reached XP level 19. HP: 174/174 MP: 0/0
    25 | D        | Learned a level 7 spell: Malign Gateway
    26 | D        | Noticed a destroyer
    27 | D        | Killed a destroyer
    27 | D        | Noticed a meat berserker
    28 | D        | Reached skill level 27 in Dodging
    28 | D        | Killed a meat berserker
    28 | D        | Reached ****** piety under Makhleb
    29 | D        | Reached skill level 5 in Armour
    29 | D        | Reached skill level 5 in Shields
    29 | D        | Reached skill level 5 in Unarmed Combat
    29 | D        | Reached skill level 5 in Invocations
    29 | D        | Reached skill level 5 in Evocations
    29 | D        | Noticed a meat berserker
    30 | D        | Killed a meat berserker
    31 | D        | Reached skill level 5 in Maces & Flails
    31 | D        | Reached skill level 5 in Polearms
    31 | D        | Reached skill level 5 in Ranged Weapons
    31 | D        | Reached skill level 5 in Throwing
    31 | D        | Reached skill level 5 in Shapeshifting
    31 | D        | Reached XP level 20. HP: 177/181 MP: 0/0
    35 | D        | Noticed a meat berserker
    36 | D        | Killed a meat berserker
    37 | D        | Noticed an eight-headed meat hydra
    37 | D        | Noticed a destroyer
    38 | D        | Reached skill level 10 in Armour
    38 | D        | Reached skill level 10 in Shields
    38 | D        | Reached skill level 10 in Unarmed Combat
    38 | D        | Reached skill level 10 in Invocations
    38 | D        | Reached skill level 10 in Evocations
    38 | D        | Killed a destroyer
    38 | D        | Killed a nine-headed meat hydra
    39 | D        | Reached skill level 10 in Short Blades
    39 | D        | Reached skill level 10 in Long Blades
    39 | D        | Reached skill level 10 in Maces & Flails
    39 | D        | Reached skill level 10 in Polearms
    39 | D        | Reached skill level 10 in Staves
    39 | D        | Reached skill level 10 in Ranged Weapons
    39 | D        | Reached skill level 10 in Throwing
    39 | D        | Reached skill level 10 in Stealth
    39 | D        | Reached XP level 21. HP: 183/187 MP: 0/0
    39 | D        | Learned a level 7 spell: Monstrous Menagerie
    39 | D        | Noticed a meat berserker
    39 | D        | Noticed a destroyer
    40 | D        | Killed a destroyer
    40 | D        | Killed a meat berserker
    41 | D        | Reached skill level 10 in Shapeshifting
    41 | D        | Reached XP level 22. HP: 194/194 MP: 0/0
    41 | D        | Noticed a large bag of meat
    42 | D        | Killed a large bag of meat
    42 | D        | Noticed a destroyer
    43 | D        | Killed a destroyer
    44 | D        | Reached skill level 15 in Armour
    44 | D        | Reached skill level 15 in Shields
    44 | D        | Reached skill level 15 in Unarmed Combat
    44 | D        | Reached skill level 15 in Invocations
    44 | D        | Reached skill level 15 in Evocations
    45 | D        | Noticed a meat berserker
    46 | D        | Noticed a destroyer
    46 | D        | Killed a meat berserker
    46 | D        | Killed a destroyer
    47 | D        | Reached skill level 15 in Short Blades
    47 | D        | Reached skill level 15 in Long Blades
    47 | D        | Reached skill level 15 in Staves
    47 | D        | Reached skill level 15 in Stealth
    47 | D        | Reached XP level 23. HP: 201/201 MP: 0/0
    47 | D        | Learned a level 7 spell: Orb of Destruction
    49 | D        | Reached skill level 15 in Maces & Flails
    49 | D        | Reached skill level 15 in Polearms
    49 | D        | Reached skill level 15 in Ranged Weapons
    49 | D        | Reached skill level 15 in Throwing
    50 | D        | Reached XP level 24. HP: 208/208 MP: 0/0
    50 | D        | Noticed a destroyer
    50 | D        | Noticed a destroyer
    50 | D        | Noticed a large bag of meat
    51 | D        | Killed a large bag of meat
    51 | D        | Killed a destroyer
    51 | D        | Killed a destroyer
    51 | D        | Noticed a large bag of meat
    52 | D        | Noticed a destroyer
    53 | D        | Killed a destroyer
    54 | D        | Reached XP level 25. HP: 214/214 MP: 0/0
    54 | D        | Learned a level 9 spell: Chain Lightning
    54 | D        | Killed a large bag of meat
    57 | D        | Reached XP level 26. HP: 221/221 MP: 0/0
    57 | D        | Noticed a tyrant
    57 | D        | Noticed a destroyer
    58 | D        | Killed a tyrant
    58 | D        | Killed a destroyer
    59 | D        | Reached XP level 27. HP: 228/228 MP: 0/0
    59 | D        | Learned a level 9 spell: Death's Door
    59 | D        | Noticed a destroyer
    60 | D        | Killed a destroyer
    60 | D        | Noticed a large bag of meat
    61 | D        | Killed a large bag of meat
    61 | D        | Noticed a large bag of meat
    62 | D        | Killed a large bag of meat
    62 | D        | Noticed a destroyer
    63 | D        | Killed a destroyer
    63 | D        | Noticed a large bag of meat
    64 | D        | Reached skill level 27 in Armour
    64 | D        | Reached skill level 27 in Shields
    64 | D        | Reached skill level 27 in Unarmed Combat
    64 | D        | Reached skill level 27 in Invocations
    64 | D        | Reached skill level 27 in Evocations
    64 | D        | Killed a large bag of meat
    64 | D        | Noticed an accursed
    65 | D        | Killed an accursed
    66 | D        | Reached skill level 27 in Short Blades
    66 | D        | Reached skill level 27 in Long Blades
    66 | D        | Reached skill level 27 in Staves
    66 | D        | Reached skill level 27 in Stealth
    67 | D        | Noticed a meat beast
    68 | D        | Killed a meat beast
    69 | D        | Reached skill level 27 in Maces & Flails
    69 | D        | Reached skill level 27 in Polearms
    69 | D        | Reached skill level 27 in Ranged Weapons
    69 | D        | Reached skill level 27 in Throwing
    69 | D        | Reached skill level 27 in Shapeshifting
    69 | D        | Noticed The Captor
    70 | D        | Killed The Captor
    73 | D        | Noticed a meat beast
    73 | D        | Noticed a destroyer
    74 | D        | Killed a meat beast
    74 | D        | Killed a destroyer
    76 | D        | Noticed a meat beast
    77 | D        | Killed a meat beast
    79 | D        | Noticed a meat beast
    79 | D        | Killed a meat beast
    80 | D        | Noticed a dread
    80 | D        | Noticed a meat beast
    81 | D        | Killed a dread
    81 | D        | Killed a meat beast
    81 | D        | Noticed a tyrant
    82 | D        | Killed a tyrant
    83 | D        | Noticed a tyrant
    83 | D        | Noticed a tyrant
    84 | D        | Noticed a dread
    85 | D        | Killed a dread
    85 | D        | Killed a tyrant
    86 | D        | Killed a tyrant
    91 | D        | Noticed a tyrant
    91 | D        | Noticed a large bag of meat
    91 | D        | Noticed a meat beast
    93 | D        | Killed a large bag of meat
    94 | D        | Killed a meat beast
    96 | D        | Killed a tyrant
    97 | D        | Noticed a meat beast
    97 | D        | Killed a meat beast
    98 | D        | Noticed an accursed
   100 | D        | Killed an accursed
   102 | D        | Noticed an accursed
   103 | D        | Noticed a large bag of meat
   103 | D        | Noticed a tyrant
   104 | D        | Noticed a dread
   104 | D        | Noticed a tyrant
   104 | D        | Noticed a dread
   106 | D        | Noticed an accursed
   106 | D        | Noticed a tyrant
   107 | D        | Noticed a destroyer
   107 | D        | Noticed a tyrant
   107 | D        | Noticed a destroyer
   107 | D        | Noticed a meat beast
   107 | D        | Noticed a tyrant
   108 | D        | Noticed a destroyer
   108 | D        | Killed a dread
   108 | D        | Killed a tyrant
   109 | D        | Killed a large bag of meat
   109 | D        | Noticed an accursed
   109 | D        | HP: 7/228 [??? (5)]
   110 | D        | Noticed a tyrant
   110 | D        | Noticed a destroyer
   110 | D        | HP: 3/228 [??? (1)]
   110 | D        | Slain by an observer

Illustrated notes

Levels and vault maps discovered:
D:        meatsprint

Skill      XL: |  1  2  3  4  5  6  7  8  9 10 11 12 13 14 15 16 17 18 19 20 21 22 23 24 25 26 27 |
---------------+----------------------------------------------------------------------------------+-----
Axes           | 21 24 27 | 27.0
Spellcasting   | 7 14 22 27 | 27.0
Conjurations   | 7 14 22 27 | 27.0
Hexes          | 7 14 22 27 | 27.0
Summonings     | 7 14 22 27 | 27.0
Necromancy     | 7 14 22 27 | 27.0
Translocations | 7 14 22 27 | 27.0
Transmutations | 7 14 22 27 | 27.0
Fire Magic     | 7 14 22 27 | 27.0
Ice Magic      | 7 14 22 27 | 27.0
Air Magic      | 7 14 22 27 | 27.0
Earth Magic    | 7 14 22 27 | 27.0
Poison Magic   | 7 14 22 27 | 27.0
Fighting       | 13 25 27 | 27.0
Dodging        | 25 27 | 27.0
Short Blades   | 6 10 12 15 17 19 20 22 27 | 27.0
Long Blades    | 6 10 12 15 17 19 20 22 27 | 27.0
Maces & Flails | 5 10 11 14 15 18 19 20 27 | 27.0
Polearms       | 5 10 11 14 15 18 19 20 27 | 27.0
Staves         | 6 10 12 15 17 19 20 22 27 | 27.0
Ranged Weapons | 5 10 11 14 15 18 19 20 27 | 27.0
Throwing       | 5 10 11 14 15 18 19 20 27 | 27.0
Armour         | 6 12 13 16 18 21 22 24 27 | 27.0
Stealth        | 6 10 12 15 17 19 20 22 27 | 27.0
Shields        | 6 11 13 16 18 21 22 24 27 | 27.0
Unarmed Combat | 6 11 13 16 18 21 22 24 27 | 27.0
Invocations    | 6 11 13 16 18 21 22 24 27 | 27.0
Evocations     | 6 11 13 16 18 21 22 24 27 | 27.0
Shapeshifting  | 5 9 10 13 14 16 17 19 27 | 27.0

Action                     |  1- 3 |  4- 6 |  7- 9 | 10-12 | 13-15 | 16-18 | 19-21 | 22-24 | 25-27 || total
---------------------------+-------+-------+-------+-------+-------+-------+-------+-------+-------++-------
  Melee: Executioner's axe |     1 |       |       |     2 |     8 |    10 |    14 |    23 |    89 ||   147
   Cast: Manifold Assault  |       |       |       |       |     2 |     6 |     9 |     9 |    29 ||    55
         Malign Gateway    |       |       |       |       |       |       |     1 |     1 |     1 ||     3
         Monstrous Menager |       |       |       |       |       |       |     1 |     1 |     3 ||     5
         Death's Door      |       |       |       |       |       |       |       |       |     1 ||     1
 Armour: Leather armour    |       |       |       |       |       |       |       |       |     4 ||     4
  Dodge: Dodged            |       |       |       |       |       |       |       |       |     8 ||     8

Table legend: (Time is in decaauts)
 A = Elapsed time spent in this place.
 B = Non-inter-level travel time spent in this place.
 C = Inter-level travel time spent in this place.
 D = Time resting spent in this place.
 E = Time spent auto-exploring this place.
 F = Levels seen in this place.
 G = Mean time per level.
                   A        B        C        D        E       F      G
               +--------+--------+--------+--------+--------+-----+--------+
         Total |     92 |     92 |      0 |      0 |      0 |   1 |   92.0 |
       Dungeon |     92 |     92 |      0 |      0 |      0 |   1 |   92.0 |
               +--------+--------+--------+--------+--------+-----+--------+

Top non-repeatable levels by time:
       D: 92 daAuts
